 Dungeon Crawl Stone Soup version 0.23.2-33-g5129a83184 (webtiles) character file.

Game seed: 3058006560865484060

28 ANON1729 the Skirmisher (level 3, 29/29 HPs)
             Began as a Demonspawn Monk on Aug 11, 2019.
             Quit the game on level 2 of the Dungeon.
             The game lasted 00:01:11 (1034 turns).

ANON1729 the Skirmisher (Demonspawn Monk)           Turns: 1034, Time: 00:01:11

Health: 29/29      AC:  2    Str: 11    XL:     3   Next: 0%
Magic:  3/3        EV: 13    Int: 12    God:
Gold:   42         SH:  0    Dex: 15    Spells: 2/2 levels left

rFire    . . .     SeeInvis .   a - +0 spear
rCold    . . .     Gourm    .   (no shield)
rNeg     . . .     Faith    .   b - +0 robe
rPois    .         Spirit   +   (no helmet)
rElec    .         Reflect  .   (no cloak)
rCorr    .         Harm     .   (no gloves)
MR       .....                  (no boots)
Stlth    ++........             (no amulet)
HPRegen  0.09/turn              (no ring)
MPRegen  0.08/turn              (no ring)

@: no status effects
A: demonic guardian 1, magic shield
a: no special abilities


You were on level 2 of the Dungeon.
You were not hungry.

You visited 1 branch of the dungeon, and saw 2 of its levels.

You collected 42 gold pieces.

Inventory:

Hand Weapons
 a - a +0 spear (weapon)
 g - a cursed -3 dagger
Armour
 b - a +0 robe (worn)
Scrolls
 e - 2 scrolls of remove curse {unknown}
 f - a scroll of blinking {unknown}
 i - 2 scrolls of amnesia {unknown}
 j - 2 scrolls of enchant weapon {unknown}
 k - a scroll of identify {unknown}
 l - a scroll of fear {unknown}
Potions
 d - a potion of haste {unknown}
 h - a potion of flight {unknown}
Comestibles
 c - 6 rations


   Skills:
 + Level 3.3 Fighting
 + Level 3.0 Polearms
 + Level 3.0 Dodging
 + Level 2.2 Stealth


You had 2 spell levels left.
You didn't know any spells.
Your spell library was empty.

Dungeon Overview and Level Annotations

Branches:
Dungeon (2/15)

Altars:


Innate Abilities, Weirdness & Mutations

A weak demonic guardian rushes to your aid.
When hurt, damage is shared between your health and your magic reserves.


Message History

Found a stone staircase leading up.
A kobold comes into view. It is wielding a +0 morningstar.
Found a whip and a scroll labeled CYKAIMM AWICUOLE.
The kobold throws a stone.
The stone misses you.
Attack whom?
Press: ? - help, Dir - move target cursor, f - kobold
Aim: a kobold, wielding a +0 morningstar You reach to attack!
You hit the kobold.
You kill the kobold!
You have reached level 3!
Your experience leads to an increase in your attributes!
Increase (S)trength, (I)ntelligence, or (D)exterity?
You feel clever.
Your demonic ancestry asserts itself...
You feel the presence of a demonic guardian.
A rat comes into view.
Items here: ( ) ? † a +0 morningstar; 2 stones; a scroll labeled CYKAIMM AWICUOLE; a kobold corpse Autopickup is now off.
Unknown command.
Are you sure you want to abandon this character and quit the game? (Confirm with "yes".)

######.#......... ≈≈≈r..
#.#.######## ≈≈....
#####.#.# #<# #....
#...#.#.# #.# #....#
#...#.#.# #.#
.....##(..#.#.######.#
....'...............
#.##...#..........#
#.@#######......###
#######.#....##).....#
.............##......###
.........)...##.........
..........#####.####....
..........#####.# #....
.#####<.(.......# #....
####..####.# #.... ##.#
#)# #....


You could see a rat (sleeping).

Vanquished Creatures
  2 leopard geckos (D:1)
  4 bats (D:1)
  2 giant cockroaches (D:1)
  4 goblins (D:1)
  3 hobgoblins
  6 kobolds
  3 rats
24 creatures vanquished.

Notes
Turn   | Place    | Note
-------+----------+-------------------------------------------
     0 | D:1      | ANON1729 the Demonspawn Monk began the quest for the Orb.
     0 | D:1      | Reached XP level 1. HP: 18/18 MP: 1/1
   223 | D:1      | Gained mutation: When hurt, damage is shared between your
                  | health and your magic reserves. [demonic ancestry]
   223 | D:1      | Reached XP level 2. HP: 24/24 MP: 2/2
  1031 | D:2      | Gained mutation: A weak demonic guardian rushes to your
                  | aid. [demonic ancestry]
  1031 | D:2      | Reached XP level 3. HP: 29/29 MP: 3/3
  1034 | D:2      | Quit the game

Skill      XL: |  1  2 |
---------------+-------+-----
Stealth        | 2 |  2.2
Dodging        | 3 |  3.0
Polearms       | 3 |  3.0
Fighting       | |  3.3

Action                   || total
-------------------------++-------
Melee: Spear             ||    90
 Stab: Sleeping          ||     9
Armor: Robe              ||    16
Dodge: Dodged            ||    62
